 Dungeon Crawl Stone Soup version 0.30-b1-2-g02819fbbbe (webtiles) character file.

Game seed: 15021480021041791465

150 Alarkh the Martial Artist (level 5, -3/38 HPs)
             Began as a Demonspawn Warper on May 22, 2023.
             Slain by a hound (5 damage)
             ... on level 6 of the Dungeon.
             The game lasted 00:03:20 (2109 turns).

Alarkh the Martial Artist (Demonspawn Warper)       Turns: 2109, Time: 00:03:21

Health: -3/38      AC:  3    Str: 12    XL:     5   Next: 10%
Magic:  8/8        EV: 11    Int: 16    God:
Gold:   73         SH:  0    Dex: 12    Spells: 8/8 levels left

rFire   . .          .
                       - Unarmed
rCold   . . .        (no shield)
rNeg    . . .        a - +0 leather armour
rPois   .            (no helmet)
rElec   .            (no cloak)
rCorr   .            (no gloves)
SInv    .            (no boots)
Will    .....        f - amulet of regeneration
Stlth   +            (no ring)
HPRegen 1.06/turn    (no ring)
MPRegen 0.11/turn

%: no passive effects
@: lethally poisoned (-3 -> -4), flying
A: claws 1, foul stench 1, powered by death 1
a: no special abilities


You were on level 6 of the Dungeon.
You visited 1 branch of the dungeon, and saw 5 of its levels.

You collected 127 gold pieces.
You spent 54 gold pieces at shops.

Inventory:

Missiles
 c - 7 boomerangs of dispersal (quivered)
 o - 4 boomerangs
Armour
 a - a +0 leather armour (worn)
Jewellery
 f - an amulet of regeneration (around neck)
 g - a ring of ice
 h - a ring of fire
 m - an amulet of the acrobat
Wands
 k - a wand of roots (7)
 t - a wand of flame (22)
Scrolls
 b - a scroll of blinking
 e - a scroll of torment
 i - a scroll of enchant weapon {unknown}
 n - 3 scrolls of teleportation {unknown}
 q - a scroll of acquirement {unknown}
 r - a scroll of identify
 s - a scroll of enchant armour {unknown}
Potions
 d - a potion of flight
 j - 3 potions of heal wounds {unknown}
 l - a potion of berserk rage {unknown}
 p - a potion of curing {unknown}


   Skills:
 - Level 2.0 Fighting
 - Level 0.8 Throwing
 - Level 0.8 Armour
 - Level 1.7 Dodging
 + Level 10.4 Unarmed Combat
 - Level 2.0 Spellcasting
 - Level 2.6 Translocations


You had 8 spell levels left.
You didn't know any spells.
Your spell library contained the following spells:

 Spells                   Type           Power      Damage    Failure   Level
 Blink                    Tloc           20%        N/A       13%         2
 Lesser Beckoning         Tloc           20%        N/A       13%         2
 Momentum Strike          Conj/Tloc      10%        3d8       22%         2
 Teleport Other           Tloc           10%        N/A       26%         3
 Sublimation of Blood     Necr           1%         N/A       36%         2
 Vhi's Electric Charge    Tloc/Air       10%        N/A       41%         3
 Manifold Assault         Tloc           10%        N/A       65%         4
 Petrify                  Tmut/Erth      1%         N/A       95%         4
 Irradiate                Conj/Tmut      0%         3d11      100%        5


Dungeon Overview and Level Annotations

Branches:
Dungeon (6/15)
 Temple: D:4-7

Altars:

Shops:
D:1 *

Annotations:
D:5 Sigmund


Innate Abilities, Weirdness & Mutations

You have sharp fingernails.
You may rarely emit foul miasma when damaged in melee.
You regenerate a little health from kills.


Message History

Your demonic ancestry asserts itself...
A wave of death washes over you.
You start resting.
HP restored.
You climb upwards.
You hear the sound of rushing water.
There is an entrance to a sewer on this level.
Hurry and find it before the portal rusts away!
The scorpion stings you.
You are poisoned.
The scorpion poisons you! The hound bites you but does no damage.
Sigmund the Dreaded comes into view.
He is wielding a +0 scythe.
The scorpion closely misses you. The hound completely misses you.
There is a stone staircase leading down here.
Okay, then.
You feel very sick. The hound bites you. The scorpion barely misses you.
You climb downwards.
You feel very sick.
There is a stone staircase leading up here.
Okay, then.
Found a stone staircase leading up.
You feel sick. The hound closely misses you. The scorpion stings you.
The scorpion attacks as you move away! The scorpion stings you!
You are more poisoned.
The scorpion poisons you!
You feel very sick.
You feel very sick. The hound bites you.
* * * LOW HITPOINT WARNING * * *
The scorpion attacks as you move away! The scorpion barely misses you.
The hound attacks as you move away! The hound bites you.
* * * LOW HITPOINT WARNING * * *
x2 You feel very sick.
It was a potion of flight.
You feel very buoyant.
You fly up into the air.
The sentinel's mark upon you fades away.
* * * LOW HITPOINT WARNING * * *
You feel sick. The hound bites you.
You die...

... # #.# .#
###.##.############
#..................
#..<†..............
#..................
#.s................
##h#########.......
##@###..##.....####
#..#.......#.#..#
#..#............#
#..#.......#.#..#
#..'............#
#################


You could see a scorpion and a hound.

Vanquished Creatures
  An iguana (D:6)
  An adder (D:2)
  A worm (D:2)
  A dart slug (D:2)
  5 orcs (D:3)
  4 ball pythons
  5 endoplasms
  2 giant cockroaches
  3 goblins
  4 hobgoblins
  6 jackals (D:1)
  4 quokkas
  5 bats
  4 frilled lizards
  9 kobolds
  6 rats
61 creatures vanquished.

Notes
Turn   | Place    | Note
-------+----------+-------------------------------------------
     0 | D:1      | Alarkh the Demonspawn Warper began the quest for the Orb.
     0 | D:1      | Reached XP level 1. HP: 16/16 MP: 3/3
   121 | D:1      | Reached skill level 2 in Unarmed Combat
   150 | D:1      | Gained mutation: You have sharp fingernails. [demonic
                  | ancestry]
   150 | D:1      | Reached XP level 2. HP: 17/22 MP: 5/5
   336 | D:1      | Found Kaas's Assorted Antiques.
   361 | D:1      | Reached skill level 3 in Unarmed Combat
   784 | D:1      | Reached XP level 3. HP: 27/27 MP: 6/6
  1006 | D:1      | Bought a scroll labelled GAUFUCV DOUZEZ for 18 gold pieces
  1006 | D:1      | Bought a scroll of identify for 36 gold pieces
  1007 | D:1      | Reached skill level 10 in Unarmed Combat
  1007 | D:1      | Gained mutation: You may rarely emit foul miasma when
                  | damaged in melee. [demonic ancestry]
  1007 | D:1      | Reached XP level 4. HP: 33/33 MP: 7/7
  2057 | D:3      | You fall into a shaft and drop 3 floors!
  2083 | D:5      | Entered Level 5 of the Dungeon
  2086 | D:5      | Noticed a scorpion
  2097 | D:6      | Gained mutation: You regenerate a little health from kills.
                  | [demonic ancestry]
  2097 | D:6      | Reached XP level 5. HP: 33/38 MP: 8/8
  2102 | D:5      | Noticed Sigmund
  2109 | D:6      | Slain by a hound

Illustrated notes

Levels and vault maps discovered:
D:1:      dpeg_arrival_another_circle, layout_basic, serial_shops,
          nicolae_shop_tiny_glass, minmay_tetromino_i2
D:2:      layout_basic
D:3:      layout_loops_corners, hangedman_ru_absence
D:5:      kennysheep_six_static_rooms, layout_rooms,
          minmay_temple_entry_butterflies, gup_sewer_entry_bubbles,
          uniq_sigmund, uniq_ijyb
D:6:      layout_gridville, fiery_altar_vehumet,
          yredelemnul_forgotten_temple_becter, serial_glass, glass_columns_b,
          glass_columns_a

Skill      XL: |  1  2  3 |
---------------+----------+-----
Unarmed Combat | 2 3 10 | 10.4
Fighting       | |  2.0
Throwing       | |  0.8
Armour         | |  0.8
Dodging        | |  1.7
Spellcasting   | |  2.0
Translocations | |  2.6

Action                     |  1- 3 |  4- 6 || total
---------------------------+-------+-------++-------
  Melee: Unarmed           |   101 |    81 ||   182
         Punch             |     3 |     2 ||     5
    Use: Scroll            |     3 |       ||     3
         Potion            |     1 |     1 ||     2
   Stab: Sleeping          |     1 |       ||     1
 Armour: Leather armour    |    22 |    11 ||    33
  Dodge: Dodged            |    63 |    46 ||   109
